 Dungeon Crawl Stone Soup version 0.26.1-11-gd32895ea62 (webtiles) character file.

Game seed: 17759373247159890662

3498 Zeld the Basher (level 9, -3/78 HPs)
             Began as a Purple Draconian Gladiator on June 12, 2021.
             Was a Follower of Qazlal.
             Slain by a wolf (4 damage)
             ... led by Grum
             ... on level 8 of the Dungeon.
             The game lasted 00:16:36 (14225 turns).

Zeld the Basher (Purple Draconian Gladiator)       Turns: 14225, Time: 00:16:36

Health: -3/78      AC: 12    Str: 19    XL:     9   Next: 80%
Magic:  9/9        EV: 15    Int:  9    God:    Qazlal [*.....]
Gold:   549        SH:  1    Dex: 13    Spells: 8/8 levels left

rFire    . . .     SeeInvis .   a - +0 mace (vorpal)
rCold    . . .     Faith    .   (no shield)
rNeg     . . .     Spirit   .   (armour unavailable)
rPois    .         Reflect  .   b - +2 hat
rElec    .         Harm     .   k - +0 cloak
rCorr    .         Rampage  .   u - +0 pair of gloves
Will     +....                  r - +0 pair of boots
Stlth    +.........             (no amulet)
HPRegen  0.23/turn              (no ring)
MPRegen  0.11/turn              (no ring)

@: about to teleport, short of breath
A: breathe power, unfitting armour, cold-blooded, AC +7
a: Breathe Dispelling Energy, Renounce Religion


You were on level 8 of the Dungeon.
You worshipped Qazlal.
Qazlal was aware of your devotion.
You visited 2 branches of the dungeon, and saw 9 of its levels.
You also visited: Sewer.

You collected 549 gold pieces.

Inventory:

Hand Weapons
 a - a +0 vorpal mace (weapon)
Missiles
 d - 374 stones (quivered)
 m - 6 poisoned darts
 B - 10 javelins
 C - 17 boomerangs
Armour
 b - a +2 hat (worn)
 k - a +0 cloak (worn)
 r - a +0 pair of boots (worn)
 u - a +0 pair of gloves (worn)
Jewellery
 q - an uncursed ring of resist corrosion
Wands
 c - a wand of flame (21)
Scrolls
 f - a scroll of brand weapon {unknown}
 i - 6 scrolls of remove curse
 l - 5 scrolls of magic mapping
 s - a scroll of enchant weapon
 v - a scroll of noise {unknown}
 y - a scroll of blinking {unknown}
 z - 2 scrolls of fog {unknown}
 D - a scroll of vulnerability {unknown}
Potions
 e - 2 potions of heal wounds {unknown}
 g - 2 potions of brilliance {unknown}
 h - a potion of haste
 j - 4 potions of curing {unknown}
 n - a potion of lignification {unknown}
 t - a potion of mutation {unknown}
 E - 2 potions of magic {unknown}
 F - a potion of resistance {unknown}
 G - 2 potions of might {unknown}


   Skills:
 + Level 6.6 Fighting
 * Level 8.7 Maces & Flails
 * Level 7.7 Throwing
 + Level 5.9 Dodging


You had 8 spell levels left.
You didn't know any spells.
Your spell library contained the following spells:

 Spells                   Type           Power        Failure   Level
 Magic Dart               Conj           0%           38%         1
 Shock                    Conj/Air       0%           38%         1
 Passwall                 Tmut/Erth      0%           52%         2
 Searing Ray              Conj           0%           52%         2
 Swiftness                Air            0%           52%         2
 Dazzling Flash           Conj/Hex       0%           77%         3
 Static Discharge         Conj/Air       0%           77%         3
 Airstrike                Air            0%           99%         4
 Fulminant Prism          Conj/Hex       0%           99%         4
 Iskenderun's Mystic Bla  Conj/Tloc      0%           99%         4
 Passage of Golubria      Tloc           N/A          99%         4
 Lee's Rapid Deconstruct  Erth           0%           100%        5
 Lightning Bolt           Conj/Air       0%           100%        5
 Invisibility             Hex            0%           100%        6


Dungeon Overview and Level Annotations

Branches:
Dungeon (8/15)             Temple (1/1) D:6           Sewer (visited)
   Lair: D:8-11

Altars:
Ashenzari
Cheibriados
Dithmenos
Elyvilon
Fedhas
Gozag
Hepliaklqana
Kikubaaqudgha
Makhleb
Nemelex Xobeh
Okawaru
Qazlal
Ru
Sif Muna
Trog
Uskayaw
Vehumet
Wu Jian
Xom
Yredelemnul
Zin
The Shining One

Shops:
D:4 *

Annotations:
D:6 !harpy, Harold
D:8 Grum


Innate Abilities, Weirdness & Mutations

You can breathe bolts of dispelling energy.
Your rich purple scales are hard. (AC +7)
You cannot fit into any form of body armour.
You are cold-blooded and may be slowed by cold attacks.


Message History

The wolf closely misses you. You block the wolf's attack.
Grum hits you from afar with a -1 spear of distortion!
* * * LOW HITPOINT WARNING * * *
The wolf closely misses you.
You sock the wolf!
The wolf is moderately wounded.
The wolf barely misses you. The wolf bites you but does no damage.
Grum hits you from afar with a -1 spear of distortion!
* * * LOW HITPOINT WARNING * * *
The wolf closely misses you.
You hit the wolf.
Your tail-slap misses the wolf.
The wolf is heavily wounded.
The wolf barely misses you. The wolf bites you but does no damage.
Grum barely misses you. The wolf bites you but does no damage.
You closely miss the wolf.
The wolf is heavily wounded.
The wolf closely misses you. The wolf bites you.
* * * LOW HITPOINT WARNING * * *
Grum closely misses you. The wolf bites you.
You die...

#######.#....g..........
#.#########†...... #.#
#........ #.#####
#........ #.#...#
#........ #.#.#.#
#........ #.#.#.#
#........ #h#g#.#
#........ #@#.#g#
#........ #h#<#.#
#........ #g###.#
#........ #.....#
#######


You could see Grum and 2 wolves.

Vanquished Creatures
  Pikel (D:7)
  Joseph (D:6)
  Grinder (D:4)
  2 water moccasins (D:6)
  A black bear (D:7)
  An orc warrior (D:7)
  A sky beast (D:6)
  An ice beast (D:6)
  A necrophage (D:6)
  2 ogres (D:4)
  A centaur (D:7)
  A lemure (D:7)
  Blork the orc (D:6)
  2 big kobolds (D:7)
  2 bullfrogs
  A wyvern zombie (D:7)
  2 howler monkeys (D:6)
  2 hounds
  5 orc priests
  Crazy Yiuf (D:2)
  3 centaur skeletons
  7 orc wizards
  A bullfrog skeleton (D:7)
  4 iguanas
  5 worker ants
  A hound skeleton (D:7)
  A worker ant zombie (D:6)
  Robin (D:2)
  4 gnolls (D:5)
  11 adders
  A shadow imp (D:7)
  3 white imps
  3 ufetubi
  An ooze (D:1)
  An adder zombie (D:7)
  3 worms
  4 dart slugs
  6 leopard geckos
  30 orcs
  7 bats (D:1)
  5 giant cockroaches
  18 goblins
  10 hobgoblins
  9 jackals
  4 quokkas
  6 ball pythons
  4 frilled lizards
  A giant cockroach zombie (D:5)
  25 kobolds
  2 leopard gecko skeletons (D:5)
  14 rats
225 creatures vanquished.

Vanquished Creatures (others)
  14 plants (Sewer)
14 creatures vanquished.

Grand Total: 239 creatures vanquished

Notes
Turn   | Place    | Note
-------+----------+-------------------------------------------
     0 | D:1      | Zeld the Draconian Gladiator began the quest for the Orb.
     0 | D:1      | Reached XP level 1. HP: 17/17 MP: 1/1
   284 | D:1      | Reached XP level 2. HP: 25/25 MP: 2/2
   595 | D:1      | Reached XP level 3. HP: 25/30 MP: 3/3
  1893 | D:2      | Reached XP level 4. HP: 37/37 MP: 4/4
  2047 | D:2      | Found a runed translucent door.
  2048 | D:2      | Noticed Crazy Yiuf
  2147 | D:2      | Noticed Robin
  2170 | D:2      | Killed Robin
  2753 | D:2      | Found a bloodstained altar of Trog.
  2757 | D:2      | Found a sacrificial altar of Ru.
  2879 | D:2      | Found a burning altar of Makhleb.
  3102 | D:2      | Killed Crazy Yiuf
  3103 | D:2      | Reached skill level 4 in Maces & Flails
  3418 | D:3      | Reached XP level 5. HP: 45/45 MP: 5/5
  4835 | D:4      | Noticed Grinder
  4849 | D:4      | Killed Grinder
  4850 | D:4      | Reached skill level 5 in Maces & Flails
  4850 | D:4      | Reached XP level 6. HP: 31/52 MP: 6/6
  5080 | D:4      | Your scales start taking on a rich purple colour.
  5080 | D:4      | Reached XP level 7. HP: 58/58 MP: 7/7
  5554 | D:4      | Found Kyot's Lightly-Used Armoury.
  5669 | D:5      | Entered Level 5 of the Dungeon
  6358 | D:5      | Reached skill level 5 in Throwing
  6884 | D:5      | Reached skill level 6 in Maces & Flails
  6996 | D:6      | Reached XP level 8. HP: 62/67 MP: 8/8
  7102 | D:6      | Found a glowing drain.
  7106 | Sewer    | Entered a sewer
  8232 | D:6      | Found a sacrificial altar of Ru.
  8373 | D:6      | Found a staircase to the Ecumenical Temple.
  8390 | D:6      | Reached skill level 5 in Fighting
  8692 | D:6      | Noticed Blork the orc
  8696 | Temple   | Entered the Ecumenical Temple
  8810 | Temple   | Became a worshipper of Qazlal Stormbringer
  8864 | D:6      | Reached skill level 7 in Maces & Flails
  8886 | D:6      | Killed Blork the orc
  9109 | D:6      | Reached skill level 5 in Dodging
  9565 | D:7      | Noticed a hornet
  9586 | D:6      | Reached XP level 9. HP: 48/74 MP: 9/9
  9979 | D:7      | Noticed Pikel
  9995 | D:7      | Killed Pikel
 10009 | D:7      | Reached skill level 8 in Maces & Flails
 11040 | D:7      | Noticed Joseph
 11042 | D:7      | Paralysed by a hornet for 2 turns
 11380 | D:6      | Paralysed by a hornet for 2 turns
 11386 | D:6      | Noticed a harpy
 11386 | D:6      | a hornet changed into a harpy
 12433 | D:6      | Killed Joseph
 13082 | D:7      | Reached * piety under Qazlal
 13127 | D:7      | Noticed Harold
 13572 | D:7      | Found an opulent altar of Gozag.
 13993 | D:8      | Noticed Grum
 14223 | D:8      | HP: 2/78 [Grum/-1 spear of distortion (8)]
 14225 | D:8      | Slain by a wolf

Illustrated notes

Levels and vault maps discovered:
D:1:      dpeg_arrival_connections, layout_loops_cross, st_stairs_9,
          minmay_domino_2
D:2:      layout_loops_ring, gammafunk_temple_overflow_wave, bloody_makhleb,
          uniq_robin, uniq_crazy_yiuf_cottage
D:3:      layout_loops_corners
D:4:      layout_loops_cross, minmay_shop_damaged, uniq_grinder
D:5:      layout_rooms, grunt_ministairs_13
D:6:      layout_loops_ring, minmay_temple_entry_waves, basic_altar,
          gup_sewer_entry_spiral, uniq_blork_the_orc
D:7:      layout_basic, nicolae_gozag_cash_rules_everything_around_me,
          uniq_joseph, uniq_harold, uniq_pikel
D:8:      layout_basic, uniq_gastronok, uniq_grum
Temple:   regret_index_temple_chain_breaker

Skill      XL: |  1  2  3  4  5  6  7  8  9 |
---------------+----------------------------+-----
Throwing       | 2 3 4 5 6 7 |  7.7
Dodging        | 3 4 5 |  5.9
Fighting       | 3 4 5 6 |  6.6
Maces & Flails | 4 5 6 7 8 |  8.7

Action                   |  1- 3 |  4- 6 |  7- 9 || total
-------------------------+-------+-------+-------++-------
Melee: Flail             |   109 |   139 |       ||   248
       Tailslap          |    16 |    18 |    65 ||    99
       Mace              |       |     5 |   602 ||   607
Throw: Throwing net      |       |     1 |     2 ||     3
       Stone             |       |       |     7 ||     7
       Dart              |       |       |     6 ||     6
 Abil: Breathe Dispellin |       |       |    27 ||    27
Evoke: Wand              |       |       |     6 ||     6
  Use: Scroll            |       |       |    21 ||    21
 Stab: Held in net/web   |       |     1 |       ||     1
       Sleeping          |       |       |     1 ||     1
Armor: Skin              |    33 |    32 |   243 ||   308
Dodge: Dodged            |    97 |    91 |   520 ||   708
Block: Other             |       |       |     2 ||     2
